 Dungeon Crawl Stone Soup version 0.25-a0-424-g80bd347ae0 (webtiles) character file.

Game seed: 2892839623564446542, levelgen mode: deterministic

45 MrRokkomies the Stinger (level 3, 0/21 HPs)
             Began as a Tengu Venom Mage on Jan 22, 2020.
             Slain by an adder (2 damage)
             ... on level 2 of the Dungeon.
             The game lasted 00:05:26 (1514 turns).

MrRokkomies the Stinger (Tengu Venom Mage)          Turns: 1514, Time: 00:05:27

Health: 0/21       AC:  1    Str:  9    XL:     3   Next: 64%
Magic:  5/7        EV: 12    Int: 15    God:
Gold:   136        SH:  3    Dex: 14    Spells: 0/6 levels left

rFire    . . .     SeeInvis .   i - +2 dagger (speed)
rCold    . . .     Gourm    .   j - +0 buckler
rNeg     . . .     Faith    .   a - +1 robe
rPois    .         Spirit   .   (helmet restricted)
rElec    .         Reflect  .   (no cloak)
rCorr    .         Harm     .   (no gloves)
MR       .....                  (boots unavailable)
Stlth    ++........             (no amulet)
HPRegen  0.07/turn              g - -2 ring of protection (curse)
MPRegen  0.10/turn              (no ring)

@: lethally poisoned (0 -> -6), very slightly contaminated, hasted, very quick
A: beak, talons 3
a: no special abilities


You were on level 2 of the Dungeon.
You were hungry.

You visited 1 branch of the dungeon, and saw 2 of its levels.

You collected 136 gold pieces.

Inventory:

Hand Weapons
 d - a +0 short sword
 i - a +2 dagger of speed (weapon)
Armour
 a - a +1 robe (worn)
 j - a +0 buckler (worn)
Jewellery
 g - a cursed -2 ring of protection (left hand)
 k - an uncursed ring of wizardry {unknown}
Potions
 b - a potion of haste
 e - a potion of might {unknown}
 f - a potion of berserk rage {unknown}
 h - a potion of ambrosia {unknown}
Comestibles
 c - 3 rations


   Skills:
 * Level 1.7 Fighting
 + Level 2.5 Dodging
 - Level 2.0 Stealth
 - Level 2.0 Spellcasting
 + Level 1.2 Transmutations
 * Level 3.5 Poison Magic


You couldn't memorise any spells.
You knew the following spells:

 Your Spells              Type           Power        Failure   Level  Hunger
a - Sting                 Tmut/Pois      #...         14%         1    #......
b - Poisonous Vapours     Pois/Air       #.....       26%         2    ###....
c - Mephitic Cloud        Conj/Pois/Air  #.......     56%         3    ###....

Your spell library contained the following spells:

 Spells                   Type           Power        Failure   Level  Hunger
 Ignite Poison            Fire/Tmut/Pois #.......     50%         3    ###....
 Olgreb's Toxic Radiance  Pois           ##......     63%         4    #####..


Dungeon Overview and Level Annotations

Branches:
Dungeon (2/15)

Altars:


Innate Abilities, Weirdness & Mutations

You have a beak for a mouth.
You have claws for feet.


Message History

Aim: an adder The sting hits the adder but does no damage.
The adder is poisoned.
You are feeling hungry.
You block the adder's attack.
Casting: Sting (safe; 14% risk of failure)
Confirm with . or Enter, or press ? or * to list all spells.
Aiming: Sting (safe; 14% risk of failure)
Press: ? - help, Shift-Dir - straight line, f/p - adder
Aim: an adder (poisoned)
You miscast Sting.
You are very lightly contaminated with residual magic.
You feel odd. The adder bites you.
* * * LOW HITPOINT WARNING * * *
You are lethally poisoned!
The adder poisons you!
It was a potion of haste.
You feel yourself speed up.
* * * LOW HITPOINT WARNING * * *
You feel sick. The adder bites you.
You die...

#### #.#.....#
...######## #.#.....#
.#'#......####..###+##
<...........###.#
.......<....# #.#
............# #.##
............# #..#
............# ##.#
............# #@#
(...........# #S#
............# #)##
################..# #
#........#.#
#..........#
#..........#
#.?.......>..#
#........#......


You could see an adder.

Vanquished Creatures
  A gnoll (D:1)
  A dart slug (D:1)
  A bat (D:1)
  A giant cockroach (D:2)
  7 goblins
  5 hobgoblins
  4 jackals (D:2)
  A quokka (D:2)
  A ball python (D:1)
  A frilled lizard (D:2)
  3 kobolds
  5 rats
31 creatures vanquished.

Notes
Turn   | Place    | Note
-------+----------+-------------------------------------------
     0 | D:1      | MrRokkomies the Tengu Venom Mage began the quest for the
                  | Orb.
     0 | D:1      | Reached XP level 1. HP: 10/10 MP: 4/4
   274 | D:1      | Reached XP level 2. HP: 13/16 MP: 1/6
   359 | D:1      | Reached skill level 1 in Transmutations
   370 | D:1      | Reached skill level 1 in Fighting
   775 | D:1      | Reached XP level 3. HP: 7/20 MP: 0/7
   864 | D:1      | Learned a level 2 spell: Poisonous Vapours
   868 | D:1      | Learned a level 3 spell: Mephitic Cloud
  1514 | D:2      | Slain by an adder

Levels and vault maps discovered:
D:1:      dpeg_arrival_chase, layout_basic, serial_bayou_ford_a
D:2:      layout_basic

Skill      XL: |  1  2 |
---------------+-------+-----
Transmutations | 1 |  1.2
Fighting       | 1 |  1.7
Dodging        | |  2.5
Stealth        | |  2.0
Spellcasting   | |  2.0
Poison Magic   | |  3.5

Action                   || total
-------------------------++-------
Melee: Unarmed           ||     9
       Kick              ||    12
       Peck              ||     5
       Short sword       ||    32
       Dagger            ||    17
 Cast: Sting             ||    30
  Use: Scroll            ||     3
       Potion            ||     1
 Stab: Sleeping          ||     1
  Eat: Chunk             ||     2
Armor: Robe              ||     9
Dodge: Dodged            ||    56
Block: Buckler           ||     1

Table legend:
 A = Non-vault XP
 B = Vault XP
 C = Vault XP percentage of total XP
 D = Non-vault monster count
 E = Vault monster count
 F = Vault count percentage of total count
                 A         B        C        D         E       F
            +---------+---------+-------+---------+---------+-------
      Total |      65 |       0 |   0.0 |      31 |       0 |   0.0
            +---------+---------+-------+---------+---------+-------
        D:1 |      41 |       0 |   0.0 |      17 |       0 |   0.0
        D:2 |      24 |       0 |   0.0 |      14 |       0 |   0.0
            +---------+---------+-------+---------+---------+-------
